A - U25
COLUMBUS CATFISH @ ROME BRAVES
06/12/2052
 
TOP OF THE 1ST
Wisconsin Timber Rattlers batting - Pitching for Hagerstown Suns : RHP Isaac Merritt
Pitching: RHP Isaac Merritt
Batting: LHB Kyle Poole 0-0: Ball
1-0: Called Strike
1-1: Foul Ball, location: 7LMF
1-2: Foul Ball, location: 2F
1-2: Ball
2-2: Ball
3-2: Ground out 1-3 (Groundball, 34S, EV 66.9 MPH)
Batting: RHB Ivan Valdez 0-0: Ball
1-0: Called Strike
1-1: Ball
2-1: Ground out U3 (Groundball, 3S, EV 91.3 MPH)
Batting: LHB Grayson Neary 0-0: Called Strike
0-1: Called Strike
0-2: Ball
1-2: Ball
2-2: Foul Ball, location: 2F
2-2: Strikes out swinging
Top of the 1st over - 0 runs, 0 hits, 0 errors, 0 left on base; Wisconsin 0 - Hagerstown 0
BOTTOM OF THE 1ST
Hagerstown Suns batting - Pitching for Wisconsin Timber Rattlers : RHP B.C. Ford
Pitching: RHP B.C. Ford
Batting: LHB Franco Michaca 0-0: Ball
1-0: Ball
2-0: Ball
3-0: Called Strike
3-1: Base on Balls
Batting: RHB Henry Elick 0-0: Called Strike
Franco Michaca is caught stealing 2nd base 2-4
0-1: Ball
1-1: Fly out, F9 (Line Drive, 9LM, EV 106.3 MPH)
Batting: LHB Dana Reyna 0-0: Ball
1-0: Ball
2-0: Ball
3-0: Called Strike
3-1: Called Strike
3-2: SINGLE (Flyball, 89S, EV 98.1 MPH)
Batting: SHB Benny Rodas 0-0: Ball
1-0: Swinging Strike
1-1: SINGLE (Line Drive, 9LS, EV 92.5 MPH)
Dana Reyna to second
Runner from 2nd tries for 3rd, SAFE, throw by RF made to third
Batting: RHB Porter Kaplan 0-0: Ground out 5-3 (Groundball, 56S, EV 73.8 MPH)
Bottom of the 1st over - 0 runs, 2 hits, 0 errors, 2 left on base; Wisconsin 0 - Hagerstown 0
TOP OF THE 2ND
Wisconsin Timber Rattlers batting - Pitching for Hagerstown Suns : RHP Isaac Merritt
Batting: RHB Peyton Gerlach 0-0: Ball
1-0: SINGLE (Line Drive, 4MD, EV 95.6 MPH)
Batting: RHB Rob Marsh 0-0: Foul Ball, location: 9LMF
0-1: Ball
1-1: Called Strike
1-2: Strikes out looking
Batting: RHB Dwight Stasko 0-0: Swinging Strike
0-1: Fly out, F5 (Line Drive, 56, EV 96.3 MPH)
Batting: SHB Huey Ortega 0-0: Ball
Peyton Gerlach is caught stealing 2nd base 2-6
Top of the 2nd over - 0 runs, 1 hit, 0 errors, 0 left on base; Wisconsin 0 - Hagerstown 0
BOTTOM OF THE 2ND
Hagerstown Suns batting - Pitching for Wisconsin Timber Rattlers : RHP B.C. Ford
Batting: RHB Dylan McPherson 0-0: Called Strike
0-1: Called Strike
0-2: Ball
1-2: Foul Ball, location: 23F
1-2: SINGLE (Groundball, 4MD, EV 101.3 MPH)
Batting: RHB Jack Pasternack 0-0: Ball
1-0: Foul Ball, location: 9LSF
1-1: SINGLE (Flyball, 34D, EV 95.0 MPH)
Dylan McPherson to second
Batting: RHB Brody Voorhees 0-0: Ball
1-0: Ball
Dylan McPherson steals 3rd base
2-0: Called Strike
2-1: Ball
3-1: Fly out, F7 (Flyball, 78M, EV 78.8 MPH)
Runner from 3rd tags up, OUT at HOME! 7-2
Jack Pasternack to second
Batting: RHB D.J. Oden 0-0: Ball
1-0: Called Strike
1-1: Ball
2-1: Ball
Wild Pitch!
Jack Pasternack to third
3-1: Called Strike
3-2: Base on Balls
Batting: LHB Franco Michaca 0-0: Ball
1-0: Swinging Strike
1-1: Ball
2-1: Fly out, F8 (Flyball, 8LM, EV 95.0 MPH)
Bottom of the 2nd over - 0 runs, 2 hits, 0 errors, 2 left on base; Wisconsin 0 - Hagerstown 0
TOP OF THE 3RD
Wisconsin Timber Rattlers batting - Pitching for Hagerstown Suns : RHP Isaac Merritt
Batting: SHB Huey Ortega 0-0: Ball
1-0: Called Strike
1-1: SINGLE (Groundball, 34D, EV 95.6 MPH)
Batting: RHB Danny Saucier 0-0: Ball
1-0: Ball
2-0: Ball
3-0: Called Strike
3-1: Base on Balls
Huey Ortega to second
Batting: RHB Yan Marín 0-0: Called Strike
0-1: Ball
1-1: Swinging Strike
1-2: Foul Ball, location: 2F
1-2: Ground out U3 (Groundball, 34S, EV 72.5 MPH)
Huey Ortega to third
Danny Saucier to second
Batting: LHB Kyle Poole 0-0: Called Strike
0-1: Called Strike
0-2: Strikes out looking
Batting: RHB Ivan Valdez 0-0: Ball
Wild Pitch!
Huey Ortega scores
Danny Saucier to third
1-0: SINGLE (Line Drive, 56D, EV 95.6 MPH)
Danny Saucier scores
Batting: LHB Grayson Neary 0-0: Called Strike
0-1: Ball
1-1: SINGLE (Flyball, 8LS, EV 92.5 MPH)
Ivan Valdez to second
Runner from 2nd tries for 3rd, SAFE, throw by CF made to third
Batting: RHB Peyton Gerlach 0-0: Ball
1-0: Called Strike
1-1: Swinging Strike
1-2: Strikes out swinging
Top of the 3rd over - 2 runs, 3 hits, 0 errors, 2 left on base; Wisconsin 2 - Hagerstown 0
BOTTOM OF THE 3RD
Hagerstown Suns batting - Pitching for Wisconsin Timber Rattlers : RHP B.C. Ford
Batting: RHB Henry Elick 0-0: Ball
1-0: Ball
2-0: SINGLE (Line Drive, 89S, EV 93.1 MPH)
Batting: LHB Dana Reyna 0-0: Called Strike
0-1: Foul Ball, location: 2F
0-2: Strikes out swinging
Batting: SHB Benny Rodas 0-0: Called Strike
0-1: Ball
1-1: SINGLE (Line Drive, 8LS, EV 110.0 MPH)
Henry Elick to second
Batting: RHB Porter Kaplan 0-0: Called Strike
0-1: Ball
1-1: Ball
2-1: Called Strike
2-2: Foul Ball, location: 2F
2-2: Fly out, F8 (Flyball, 8RXD, EV 99.4 MPH)
Runner from 2nd tags up, SAFE at 3rd, no throw by CF
Batting: RHB Dylan McPherson 0-0: Called Strike
0-1: Ball
1-1: Ball
2-1: Ground out 5-3 (Groundball, 15, EV 79.4 MPH)
Bottom of the 3rd over - 0 runs, 2 hits, 0 errors, 2 left on base; Wisconsin 2 - Hagerstown 0
TOP OF THE 4TH
Wisconsin Timber Rattlers batting - Pitching for Hagerstown Suns : RHP Isaac Merritt
Batting: RHB Rob Marsh 0-0: Ball
1-0: Foul Ball, location: 2F
1-1: Swinging Strike
1-2: Ball
2-2: Fly out, F7 (Flyball, 78D, EV 91.3 MPH)
Batting: RHB Dwight Stasko 0-0: Ball
1-0: Called Strike
1-1: DOUBLE (Flyball, 8LXD, EV 108.1 MPH)
Batting: SHB Huey Ortega 0-0: Called Strike
0-1: Called Strike
0-2: Strikes out swinging
Batting: RHB Danny Saucier 0-0: Foul Ball, location: 7LSF
0-1: Fly out, F7 (Flyball, 7D, EV 95.6 MPH)
Top of the 4th over - 0 runs, 1 hit, 0 errors, 1 left on base; Wisconsin 2 - Hagerstown 0
BOTTOM OF THE 4TH
Hagerstown Suns batting - Pitching for Wisconsin Timber Rattlers : RHP B.C. Ford
Batting: RHB Jack Pasternack 0-0: Ball
1-0: Called Strike
1-1: Called Strike
1-2: Ball
2-2: Ball
3-2: Foul Ball, location: 2F
3-2: Base on Balls
Batting: RHB Brody Voorhees 0-0: Foul Ball, location: 2LF
0-1: Called Strike
0-2: Ball
1-2: Strikes out swinging
Batting: RHB D.J. Oden 0-0: Ball
1-0: Ball
2-0: Called Strike
2-1: Foul Ball, location: 2F
2-2: Foul Ball, location: 2F
2-2: Foul Ball, location: 2LF
2-2: Foul Ball, location: 5F
2-2: Strikes out swinging
Batting: LHB Franco Michaca 0-0: Called Strike
Jack Pasternack is caught stealing 2nd base 2-6
Bottom of the 4th over - 0 runs, 0 hits, 0 errors, 0 left on base; Wisconsin 2 - Hagerstown 0
TOP OF THE 5TH
Wisconsin Timber Rattlers batting - Pitching for Hagerstown Suns : RHP Isaac Merritt
Batting: RHB Yan Marín 0-0: Fly out, F7 (Line Drive, 7S, EV 94.4 MPH)
Batting: LHB Kyle Poole 0-0: Called Strike
0-1: Ball
1-1: Ball
2-1: Ball
3-1: SINGLE (Groundball, 3S, EV 75.0 MPH) (infield hit)
Batting: RHB Ivan Valdez 0-0: Ball
1-0: Foul Ball, location: 25F
Balk!
Kyle Poole to second
1-1: Foul Ball, location: 25FF
1-2: Ball
2-2: Ball
3-2: SINGLE (Line Drive, 4M, EV 96.3 MPH)
Kyle Poole to third
Batting: LHB Grayson Neary 0-0: Ball
Ivan Valdez steals 2nd base (no throw)
1-0: Called Strike
1-1: Ball
2-1: Ball
3-1: Base on Balls
Pitching: LHP Josué Mata
Batting: RHB Peyton Gerlach 0-0: Ball
1-0: Grounds into fielders choice 6-2 (Groundball, 6, EV 84.4 MPH)
Ivan Valdez to third
Grayson Neary to second
Batting: RHB Rob Marsh 0-0: Foul Ball, location: 5F
0-1: Foul Ball, location: 2F
0-2: Strikes out swinging
Top of the 5th over - 0 runs, 2 hits, 0 errors, 3 left on base; Wisconsin 2 - Hagerstown 0
BOTTOM OF THE 5TH
Hagerstown Suns batting - Pitching for Wisconsin Timber Rattlers : RHP B.C. Ford
Batting: LHB Franco Michaca 0-0: Ball
1-0: Foul Ball, location: 25FF
1-1: Ball
2-1: Ball
3-1: Base on Balls
Batting: RHB Henry Elick 0-0: Fly out, F8 (Flyball, 89M, EV 93.8 MPH)
Batting: LHB Dana Reyna Pickoff Throw to First - Error! E1
Franco Michaca to second
0-0: Called Strike
Franco Michaca steals 3rd base
0-1: Ball
1-1: Foul Ball, location: 2F
1-2: Ground out 2-3 (Groundball, 15S, EV 68.8 MPH)
Batting: SHB Benny Rodas 0-0: Ball
1-0: Ball
2-0: Ball
3-0: Called Strike
3-1: Base on Balls
Batting: RHB Porter Kaplan 0-0: Ball
1-0: Ball
2-0: Ball
3-0: Called Strike
3-1: Called Strike
3-2: Base on Balls
Benny Rodas to second
Batting: RHB Dylan McPherson 0-0: Called Strike
0-1: Swinging Strike
0-2: Ball
1-2: Foul Ball, location: 7LSF
1-2: Strikes out swinging
Bottom of the 5th over - 0 runs, 0 hits, 1 error, 3 left on base; Wisconsin 2 - Hagerstown 0
TOP OF THE 6TH
Wisconsin Timber Rattlers batting - Pitching for Hagerstown Suns : LHP Josué Mata
Batting: RHB Dwight Stasko 0-0: Ball
1-0: Called Strike
1-1: Foul Ball, location: 2F
1-2: Ball
2-2: SINGLE (Groundball, 34D, EV 98.1 MPH)
Batting: SHB Huey Ortega 0-0: Ball
1-0: Ball
2-0: Foul Ball, location: 2F
2-1: Called Strike
2-2: Ball
3-2: Strikes out swinging
Batting: RHB Danny Saucier 0-0: Ball
1-0: Called Strike
1-1: Ball
2-1: Ball
Wild Pitch!
Dwight Stasko to second
3-1: Base on Balls
Batting: RHB Yan Marín 0-0: Ball
1-0: SINGLE (Groundball, 34S, EV 87.5 MPH) (infield hit)
Dwight Stasko to third
Danny Saucier to second
Batting: LHB Kyle Poole 0-0: Called Strike
0-1: Ball
1-1: Foul Ball, location: 7LSF
1-2: Strikes out swinging
Batting: RHB Ivan Valdez 0-0: Ball
1-0: Ball
2-0: Ball
3-0: Called Strike
3-1: Foul Ball, location: 2F
3-2: Strikes out swinging
Top of the 6th over - 0 runs, 2 hits, 0 errors, 3 left on base; Wisconsin 2 - Hagerstown 0
BOTTOM OF THE 6TH
Hagerstown Suns batting - Pitching for Wisconsin Timber Rattlers : RHP B.C. Ford
Pitching: LHP Miró Leal
Batting: RHB Jack Pasternack 0-0: Foul Ball, location: 3SF
0-1: Ball
1-1: Called Strike
1-2: Strikes out swinging
Batting: RHB Brody Voorhees 0-0: Called Strike
0-1: Swinging Strike
0-2: Strikes out looking
Batting: RHB D.J. Oden 0-0: Ball
1-0: Called Strike
1-1: Called Strike
1-2: Strikes out swinging
Bottom of the 6th over - 0 runs, 0 hits, 0 errors, 0 left on base; Wisconsin 2 - Hagerstown 0
TOP OF THE 7TH
Wisconsin Timber Rattlers batting - Pitching for Hagerstown Suns : LHP Josué Mata
Batting: LHB Grayson Neary 0-0: Ball
1-0: Fly out, F9 (Flyball, 9D, EV 96.9 MPH)
Batting: RHB Peyton Gerlach 0-0: Called Strike
0-1: Foul Ball, location: 2F
0-2: Ball
1-2: Foul Ball, location: 2F
1-2: Strikes out swinging
Batting: RHB Rob Marsh 0-0: Foul Ball, location: 9LSF
0-1: Swinging Strike
0-2: SINGLE (Groundball, 6MD, EV 106.9 MPH) (infield hit)
Pitching: RHP Félix Pineda
Batting: RHB Dwight Stasko 0-0: SINGLE (Groundball, 13, EV 80.0 MPH) (infield hit)
Rob Marsh to second
Batting: SHB Huey Ortega 0-0: Called Strike
0-1: Ball
1-1: Swinging Strike
1-2: Foul Ball, location: 3FF
1-2: Strikes out looking
Top of the 7th over - 0 runs, 2 hits, 0 errors, 2 left on base; Wisconsin 2 - Hagerstown 0
BOTTOM OF THE 7TH
Hagerstown Suns batting - Pitching for Wisconsin Timber Rattlers : LHP Miró Leal
Batting: LHB Franco Michaca 0-0: Fly out, F7 (Flyball, 78M, EV 96.3 MPH)
Batting: RHB Henry Elick 0-0: Ball
1-0: Ball
2-0: Foul Ball, location: 2F
2-1: Ball
3-1: Ground out 6-3 (Groundball, 6, EV 78.8 MPH)
Batting: LHB Dana Reyna 0-0: Foul Ball, location: 9LSF
0-1: Called Strike
0-2: SINGLE (Groundball, 3D, EV 105.0 MPH)
Batting: SHB Benny Rodas 0-0: Swinging Strike
0-1: Ball
1-1: Ground out 4-3 (Groundball, 4, EV 81.9 MPH)
Bottom of the 7th over - 0 runs, 1 hit, 0 errors, 1 left on base; Wisconsin 2 - Hagerstown 0
TOP OF THE 8TH
Wisconsin Timber Rattlers batting - Pitching for Hagerstown Suns : RHP Félix Pineda
Batting: RHB Danny Saucier 0-0: Foul Ball, location: 2F
0-1: Called Strike
0-2: Foul Ball, location: 2F
0-2: Fly out, F8 (Flyball, 89D, EV 98.8 MPH)
Batting: RHB Yan Marín 0-0: Ball
1-0: Called Strike
1-1: Ball
2-1: Ball
3-1: Foul Ball, location: 2F
3-2: Fly out, F7 (Flyball, 78D, EV 111.3 MPH)
Batting: LHB Kyle Poole 0-0: Called Strike
0-1: Foul Ball, location: 2F
0-2: Strikes out swinging
Top of the 8th over - 0 runs, 0 hits, 0 errors, 0 left on base; Wisconsin 2 - Hagerstown 0
BOTTOM OF THE 8TH
Hagerstown Suns batting - Pitching for Wisconsin Timber Rattlers : LHP Miró Leal
Batting: RHB Porter Kaplan 0-0: Ball
1-0: Foul Ball, location: 2F
1-1: SINGLE (Line Drive, 4MD, EV 106.9 MPH)
Batting: RHB Dylan McPherson 0-0: Ball
1-0: Ball
2-0: Ball
3-0: Base on Balls
Porter Kaplan to second
Batting: RHB Jack Pasternack 0-0: Swinging Strike
0-1: Bunted foul
0-2: Strikes out looking
Batting: RHB Brody Voorhees 0-0: Called Strike
0-1: Foul Ball, location: 9LMF
0-2: Ball
1-2: Ball
2-2: Ball
3-2: Fly out, F9 (Flyball, 9LM, EV 80.0 MPH)
Pitching: RHP Harrison Zamborsky
Batting: RHB D.J. Oden 0-0: SINGLE (Line Drive, 5D, EV 96.9 MPH)
Porter Kaplan to third
Dylan McPherson to second
Runner from 3rd tries for Home, SAFE, throw by LF to home
Batting: LHB Franco Michaca 0-0: Ball
1-0: 3-RUN HOME RUN (Flyball, 7D, EV 102.5 MPH), Distance : 376 ft
Batting: RHB Henry Elick 0-0: Called Strike
0-1: Foul Ball, location: 2F
0-2: Ball
1-2: SINGLE (Groundball, 56S, EV 74.4 MPH) (infield hit)
Batting: LHB Dana Reyna 0-0: Called Strike
Henry Elick is caught stealing 2nd base 2-6
Bottom of the 8th over - 4 runs, 4 hits, 0 errors, 0 left on base; Wisconsin 2 - Hagerstown 4
TOP OF THE 9TH
Wisconsin Timber Rattlers batting - Pitching for Hagerstown Suns : RHP Félix Pineda
Pitching: RHP Sarxan Khaitov
Now at 1B: Brody Voorhees
Now at 3B: Rolland Armstrong
Now in LF: Yasel González
Batting: RHB Ivan Valdez 0-0: Ground out 6-3 (Groundball, 6, EV 98.8 MPH)
Batting: LHB Grayson Neary 0-0: Ball
1-0: Fly out, F9 (Flyball, 89S, EV 93.8 MPH)
Batting: RHB Peyton Gerlach 0-0: Called Strike
0-1: Ball
1-1: Ball
2-1: DOUBLE (Line Drive, 9LM, EV 106.9 MPH)
Batting: RHB Rob Marsh 0-0: Ball
1-0: Foul Ball, location: 5F
1-1: Called Strike
1-2: Ball
2-2: Ball
3-2: Foul Ball, location: 2F
3-2: Foul Ball, location: 3FF
3-2: Fly out, F8 (Flyball, 78S, EV 95.0 MPH)
Top of the 9th over - 0 runs, 1 hit, 0 errors, 1 left on base; Wisconsin 2 - Hagerstown 4
Thursday, April 25th , 2024 - OOTP Baseball 24.11 Build 85